 Dungeon Crawl Stone Soup version 0.23.2-32-g37ab1d4649 (webtiles) character file.

Game seed: 6297017185467295840

105 EcosseEcosse the Shield-Bearer (level 4, -1/40 HPs)
             Began as a Minotaur Fighter on June 25, 2019.
             Slain by Sigmund
             ... wielding a +4 scythe of freezing
              (3 damage)
             ... on level 3 of the Dungeon.
             The game lasted 00:02:47 (1201 turns).

EcosseEcosse the Shield-Bearer (Minotaur Fighter)   Turns: 1201, Time: 00:02:47

Health: -1/40      AC:  7    Str: 21    XL:     4   Next: 53%
Magic:  3/3        EV:  7    Int:  5    God:
Gold:   96         SH:  9    Dex: 10    Spells: 3/3 levels left

rFire    . . .     SeeInvis +   a - +0 war axe
rCold    . . .     Gourm    .   c - +0 shield
rNeg     . . .     Faith    .   b - +0 scale mail
rPois    .         Spirit   .   (helmet restricted)
rElec    .         Reflect  .   (no cloak)
rCorr    .         Harm     .   (no gloves)
MR       .....                  (no boots)
Stlth    ..........             (no amulet)
HPRegen  0.13/turn              l - ring of see invisible
MPRegen  0.08/turn              (no ring)

@: no status effects
A: retaliatory headbutt, horns 2
a: no special abilities


You were on level 3 of the Dungeon.
You were very hungry.

You visited 1 branch of the dungeon, and saw 3 of its levels.

You collected 96 gold pieces.

Inventory:

Hand Weapons
 a - a +0 war axe (weapon)
Armour
 b - a +0 scale mail (worn)
 c - a +0 shield (worn)
 o - a scarf of resistance
Jewellery
 g - an uncursed amulet of rage
 l - a ring of see invisible (left hand)
Scrolls
 h - a scroll of teleportation {unknown}
 i - a scroll of amnesia {unknown}
 j - a scroll of magic mapping {unknown}
 k - a scroll of fear {unknown}
 m - a scroll of noise {unknown}
Potions
 e - a potion of haste {unknown}
 n - a potion of invisibility {unknown}
 p - a potion of heal wounds {unknown}
 q - 2 potions of degeneration {unknown}
 r - a potion of mutation {unknown}
 s - a potion of ambrosia {unknown}
Comestibles
 f - 8 rations


   Skills:
 + Level 4.1 Fighting
 + Level 3.8 Axes
 + Level 3.9 Armour
 + Level 0.6 Dodging
 + Level 1.0 Stealth
 + Level 4.6 Shields


You had 3 spell levels left.
You didn't know any spells.
Your spell library was empty.

Dungeon Overview and Level Annotations

Branches:
Dungeon (3/15)

Altars:

Annotations:
D:3 Sigmund, Terence


Innate Abilities, Weirdness & Mutations

You reflexively headbutt those who attack you in melee.
You have a pair of horns on your head.


Message History

Sigmund freezes you.
A kobold comes into view. It is wielding a +0 short sword.
A kobold comes into view. It is wielding a +0 dagger.
The goblin hits you.
The adder hisses angrily.
The kobold shouts!
Your shield and scale mail prevent you from hitting the goblin.
The goblin hits you but does no damage.
You hit the goblin but do no damage.
You are feeling very hungry.
The goblin closely misses you. You block the goblin's attack.
You barely miss the goblin. Your headbutt misses the goblin.
The goblin hits you but does no damage.
Unknown command.
You barely miss the goblin. You headbutt the goblin.
You kill the goblin!
You hit Sigmund but do no damage.
Sigmund hits you with a +4 scythe of freezing!
* * * LOW HITPOINT WARNING * * *
Sigmund freezes you.
You die...

... #.# #.#
#.# #.#
####.# #.)..#
#<##.##
#.#.#@##
#..###@#
#.#.#.##
.......@..$.#
###........##
#.##.#####
#.##.# #S


KK You could see Sigmund.

Vanquished Creatures
  Robin (D:2)
  6 adders (D:2)
  A dart slug (D:1)
  A leopard gecko (D:2)
  A ball python (D:1)
  3 bats
  2 giant cockroaches
  12 goblins
  2 hobgoblins (D:2)
  3 kobolds
  4 frilled lizards
  2 rats (D:2)
38 creatures vanquished.

Notes
Turn   | Place    | Note
-------+----------+-------------------------------------------
     0 | D:1      | EcosseEcosse the Minotaur Fighter began the quest for the
                  | Orb.
     0 | D:1      | Reached XP level 1. HP: 19/19 MP: 0/0
   165 | D:1      | Reached XP level 2. HP: 23/27 MP: 1/1
   605 | D:2      | Noticed Robin
   610 | D:2      | Reached XP level 3. HP: 27/33 MP: 2/2
   635 | D:2      | Killed Robin
   638 | D:2      | Reached XP level 4. HP: 10/40 MP: 3/3
  1121 | D:2      | Reached skill level 1 in Stealth
  1191 | D:3      | Noticed Sigmund
  1192 | D:3      | Noticed Terence
  1201 | D:3      | HP: 2/40 [Sigmund/+4 scythe of freezing (12)]
  1201 | D:3      | Slain by Sigmund

Skill      XL: |  1  2  3  4 |
---------------+-------------+-----
Shields        | 4 |  4.6
Fighting       | 4 |  4.1
Axes           | 3 |  3.8
Stealth        | 1 |  1.0
Armour         | |  3.9
Dodging        | |  0.6

Action                   |  1- 3 |  4- 6 || total
-------------------------+-------+-------++-------
Melee: War axe           |    56 |    23 ||    79
       Headbutt          |     7 |     3 ||    10
  Use: Potion            |     1 |       ||     1
       Scroll            |       |     2 ||     2
Armor: Scale mail        |    36 |     3 ||    39
Dodge: Dodged            |    25 |     6 ||    31
Block: Shield            |    52 |     7 ||    59
